 Dungeon Crawl Stone Soup version 0.24-a0-201-gf205589 (console) character file.

Game seed: 5090744685005999526

5688 Duffy the Thaumaturge (level 10, -7/59 HPs)
             Began as a Deep Elf Fire Elementalist on Mar 24, 2019.
             Was a Believer of Vehumet.
             Killed by the air
             ... invoked by Gastronok
              (29 damage)
             ... on level 8 of the Dungeon.
             The game lasted 00:13:24 (10535 turns).

Duffy the Thaumaturge (Deep Elf Fire Elementalist) Turns: 10535, Time: 00:13:25

Health: -7/59      AC:  8    Str:  5    XL:     10   Next: 47%
Magic:  8/26       EV:  9    Int: 24    God:    Vehumet [**....]
Gold:   421        SH:  0    Dex: 15    Spells: 16/29 levels left

rFire    + . .     SeeInvis .   u - +2 hand axe (elec)
rCold    . . .     Gourm    .   (no shield)
rNeg     + . .     Faith    .   A - +1 robe {rN+}
rPois    .         Spirit   .   a - +1 helmet
rElec    .         Reflect  .   v - scarf {cloud immunity}
rCorr    .         Harm     .   p - +2 pair of gloves
MR       +....                  (no boots)
Stlth    +++.......             (no amulet)
HPRegen  0.19/turn              t - ring of stealth
MPRegen  0.20/turn              C - ring of protection from fire

@: held
A: no striking features
a: Renounce Religion


You were on level 8 of the Dungeon.
You worshipped Vehumet.
Vehumet was pleased with you.
You were not hungry.

You visited 2 branches of the dungeon, and saw 9 of its levels.

You collected 421 gold pieces.

Inventory:

Hand Weapons
 u - a +2 hand axe of electrocution (weapon)
Missiles
 l - 3 curare-tipped needles
 x - a throwing net (quivered)
Armour
 a - a +1 helmet (worn)
 f - a +0 cloak
 p - a +2 pair of gloves (worn)
 v - a scarf of cloud immunity (worn)
 y - a scarf of spirit shield
 A - a +1 robe of positive energy (worn)
Jewellery
 t - a ring of stealth (left hand)
 C - a ring of protection from fire (right hand)
Scrolls
 e - 5 scrolls of remove curse
 g - 4 scrolls of immolation
 h - 5 scrolls of teleportation
 i - 3 scrolls of amnesia
 j - a scroll of magic mapping {unknown}
 m - 3 scrolls of enchant armour {unknown}
 n - a scroll of noise {unknown}
 s - a scroll of blinking {unknown}
 w - a scroll of random uselessness {unknown}
Potions
 d - a potion of lignification
 k - 5 potions of curing
 o - a potion of cancellation
 q - a potion of haste
 z - 2 potions of might
 B - a potion of mutation
Comestibles
 c - 18 rations


   Skills:
 - Level 5.2 Fighting
 - Level 8.4 Dodging
 - Level 2.4 Stealth
 + Level 10.3 Spellcasting
 + Level 8.1 Conjurations
 + Level 8.4 Fire Magic


You had 16 spell levels left.
You knew the following spells:

 Your Spells              Type           Power        Failure   Level  Hunger
h - Flame Tongue          Conj/Fire      #####        1%          1    None
j - Sticky Flame          Conj/Fire      ######..     1%          4    #......
k - Fireball              Conj/Fire      ######....   4%          5    ####...
l - Conjure Flame         Conj/Fire      ######..     1%          3    None

Your spell library contained the following spells:

 Spells                   Type           Power        Failure   Level  Hunger
 Sandblast                Erth           ##....       5%          1    None
 Throw Flame              Conj/Fire      ######       1%          2    None
 Dazzling Spray           Conj/Hex       ####..       2%          3    None
 Inner Flame              Hex/Fire       ####....     2%          3    None
 Corona                   Hex            ##.....      5%          1    None
 Summon Small Mammal      Summ           ##..         5%          1    None
 Call Imp                 Summ           ##......     8%          2    None
 Ensorcelled Hibernation  Hex/Ice        ##....       8%          2    None
 Call Canine Familiar     Summ           ##......     16%         3    None
 Confuse                  Hex            ##......     16%         3    None
 Summon Guardian Golem    Hex/Summ       ##......     16%         3    None
 Tukima's Dance           Hex            ##......     16%         3    None
 Summon Ice Beast         Ice/Summ       ##......     45%         4    #......
 Summon Lightning Spire   Summ/Air       ##......     45%         4    #......


Dungeon Overview and Level Annotations

Branches:
Dungeon (8/15)             Temple (1/1) D:4            Lair (0/6) D:8

Altars:
Ashenzari
Cheibriados
Dithmenos
Elyvilon
Fedhas
Gozag
Hepliaklqana
Kikubaaqudgha
Makhleb
Nemelex Xobeh
Okawaru
Qazlal
Ru
Sif Muna
Trog
Uskayaw
Vehumet
Wu Jian
Xom
Yredelemnul
Zin
The Shining One

Shops:
D:5 (

Annotations:
D:8 3 runed translucent doors, Gastronok; Harold; Hylith's ghost, novice MiBe


Message History

Aiming: Fireball (safe; 4% risk of failure)
Press: ? - help, Shift-Dir - straight line, f/p - Harold
Aim: Harold, wielding a +0 great sword and wearing a cursed +0 chain mail (moderately wounded)
The fireball explodes!
The fireball engulfs Harold.
Harold is moderately wounded.
Cast which spell? (? or * to list)
Aiming: Fireball (safe; 4% risk of failure)
Press: ? - help, Shift-Dir - straight line, p - Harold The fireball explodes!
The fireball engulfs Harold!
Harold is heavily wounded.
Harold hits you with a +0 great sword!
Cast which spell? (? or * to list)
Aiming: Fireball (safe; 4% risk of failure)
Press: ? - help, Shift-Dir - straight line The fireball explodes!
The fireball engulfs Harold!
Harold is severely wounded.
Harold hits you with a +0 great sword!
Gastronok waves his eye-stalks in wide circles.
The air twists around and strikes you!
You die...

#..........~.~.~.....).....).....
#.......w.....[....#########.....
#..................#.......#.....
#..................#...#...#.....
#####.####.........#.$#.#..+.....
#.##...........#5=....5+.....
#.#..##........#a$#.#.a+.....
#....##...@....#...#..S#.####
###........@...#......W#....#
#####........#########.##..
#......<...........####
#.......############ #.......#
#########


You could see Gastronok, Harold, a worker ant and a shadow imp.

Vanquished Creatures
  Erica (D:8)
  A human (D:5)
  5 yaks (D:8)
  3 basilisks (D:8)
  A hungry ghost (D:7)
  A water moccasin (D:8)
  4 porcupines (D:8)
  3 sky beasts
  An ice beast (D:7)
  A necrophage (D:7)
  6 ogres
  3 centaurs
  4 bullfrogs
  A water moccasin skeleton (D:5)
  A scorpion (D:7)
  6 killer bees (D:7)
  4 wights (D:7)
  A howler monkey (D:3)
  4 crimson imps
  A quasit (D:8)
  A human zombie (D:5)
  A bullfrog skeleton (D:8)
  A centaur skeleton (D:6)
  4 jellies (D:8)
  An orc priest (D:4)
  A hound (D:6)
  7 orc wizards
  3 iguanas
  Terence (D:2)
  3 worker ants
  A hound skeleton (D:6)
  14 adders
  2 shadow imps
  5 oozes (D:8)
  An adder skeleton (D:6)
  A worm (D:2)
  4 dart slugs
  7 leopard geckos
  22 orcs
  2 ball pythons
  9 bats
  6 giant cockroaches
  8 goblins
  10 hobgoblins
  6 jackals
  4 quokkas
  8 frilled lizards
  A giant cockroach zombie (D:5)
  8 kobolds
  A quokka zombie (D:7)
  10 rats
205 creatures vanquished.

Vanquished Creatures (others)
  2 fungi (D:8)
  16 plants (D:8)
18 creatures vanquished.

Grand Total: 223 creatures vanquished

Notes
Turn   | Place    | Note
-------+----------+-------------------------------------------
     0 | D:1      | Duffy the Deep Elf Fire Elementalist began the quest for
                  | the Orb.
     0 | D:1      | Reached XP level 1. HP: 10/10 MP: 6/6
   204 | D:1      | Reached XP level 2. HP: 15/15 MP: 1/8
   762 | D:1      | Reached XP level 3. HP: 19/19 MP: 5/9
   767 | D:1      | Learned a level 3 spell: Conjure Flame
  1436 | D:2      | Noticed Terence
  1446 | D:2      | Killed Terence
  1446 | D:2      | Reached XP level 4. HP: 20/24 MP: 1/11
  1471 | D:2      | Learned a level 4 spell: Sticky Flame
  2016 | D:2      | Reached skill level 4 in Spellcasting
  2384 | D:3      | Reached XP level 5. HP: 28/28 MP: 7/13
  3407 | D:4      | Learned a level 5 spell: Fireball
  3478 | D:4      | Reached skill level 5 in Spellcasting
  3478 | D:4      | Reached XP level 6. HP: 15/32 MP: 6/15
  4475 | D:4      | Found a staircase to the Ecumenical Temple.
  4486 | Temple   | Entered the Ecumenical Temple
  4749 | Temple   | Became a worshipper of Vehumet
  4850 | D:5      | Entered Level 5 of the Dungeon
  4876 | D:5      | Noticed a sky beast
  4882 | D:5      | Killed a sky beast
  4882 | D:5      | Reached skill level 1 in Fighting
  5032 | D:5      | Reached XP level 7. HP: 28/38 MP: 8/17
  5109 | D:5      | Found a runed translucent door.
  5109 | D:5      | Noticed a human
  5111 | D:5      | Found a basalt altar of Yredelemnul.
  5182 | D:5      | Killed a human
  5182 | D:5      | Reached skill level 5 in Dodging
  5289 | D:5      | Found Rumeas's Antique Weapon Emporium.
  5887 | D:5      | Reached XP level 8. HP: 46/46 MP: 9/18
  6346 | D:6      | Reached * piety under Vehumet
  6346 | D:6      | Offered knowledge of Sting by Vehumet.
  6893 | D:6      | Reached skill level 5 in Fighting
  7614 | D:7      | Reached skill level 5 in Fire Magic
  7759 | D:7      | Reached skill level 5 in Conjurations
  7805 | D:7      | Reached XP level 9. HP: 54/54 MP: 10/19
  7807 | D:7      | Reached skill level 6 in Spellcasting
  8121 | D:7      | Found an iron altar of Okawaru.
  8294 | D:7      | Reached skill level 7 in Spellcasting
  8948 | D:8      | Noticed Hylith's ghost (novice MiBe)
  8956 | D:8      | Found a runed translucent gate.
  8956 | D:8      | Found a runed translucent gate.
  8956 | D:8      | Found a runed translucent gate.
  8997 | D:8      | Reached ** piety under Vehumet
  9109 | D:8      | Offered knowledge of Sandblast by Vehumet.
  9114 | D:8      | Reached skill level 8 in Spellcasting
  9418 | D:8      | Noticed Gastronok
  9457 | D:8      | Reached skill level 9 in Spellcasting
  9457 | D:8      | Reached XP level 10. HP: 48/59 MP: 16/25
  9703 | D:8      | Noticed a centaur warrior
  9817 | D:8      | Found a staircase to the Lair.
 10075 | D:8      | Noticed Erica
 10114 | D:8      | Killed Erica
 10114 | D:8      | Reached skill level 10 in Spellcasting
 10115 | D:8      | Noticed Harold
 10535 | D:8      | Killed from afar by Gastronok

Levels and vault maps discovered:
D:1:      dpeg_arrival_rhombi, layout_basic
D:2:      layout_basic, first_ration, uniq_terence
D:3:      layout_basic
D:4:      layout_loops_ring, lemuel_temple_firewalk_b
D:5:      layout_loops_ring, serial_shops, shop_statue, eino_tiny_chamber,
          dk_yredelemnul_ordeal
D:6:      layout_loops_cross, minivault_19, mumra_transporter_accident
D:7:      layout_loops_ring, kennysheep_mini_moat
D:8:      layout_rooms, minmay_lair_entry_grove, gammafunk_ghost_split,
          hangedman_little_slice_of_home, minivault_12, uniq_gastronok,
          uniq_erica, uniq_harold
Temple:   roderic_octagonal_lattice_temple

Skill      XL: |  1  2  3  4  5  6  7  8  9 10 |
---------------+-------------------------------+-----
Conjurations   | 2 3 4 5 7 8 |  8.1
Fire Magic     | 4 5 7 8 |  8.4
Spellcasting   | 4 5 9 10 | 10.3
Dodging        | 4 6 8 |  8.4
Fighting       | 1 3 5 |  5.2
Stealth        | |  2.4

Action                   |  1- 3 |  4- 6 |  7- 9 | 10-12 || total
-------------------------+-------+-------+-------+-------++-------
Melee: Unarmed           |     1 |     1 |       |       ||     2
       Hand axe          |       |       |     3 |     2 ||     5
 Cast: Flame Tongue      |    61 |   125 |   191 |    42 ||   419
       Sticky Flame      |       |     4 |    23 |    10 ||    37
       Conjure Flame     |       |     1 |    15 |     2 ||    18
       Fireball          |       |       |       |     6 ||     6
Evoke: Wand              |       |       |     6 |     3 ||     9
  Use: Scroll            |       |     6 |     6 |       ||    12
  Eat: Chunk             |     1 |     8 |    13 |     1 ||    23
       Ration            |       |     1 |     1 |     1 ||     3
Armor: Robe              |     6 |    12 |    17 |     6 ||    41
Dodge: Dodged            |    18 |    39 |    64 |    21 ||   142

Table legend:
 A = Non-vault XP
 B = Vault XP
 C = Vault XP percentage of total XP
 D = Non-vault monster count
 E = Vault monster count
 F = Vault count percentage of total count
                 A         B        C        D         E       F
            +---------+---------+-------+---------+---------+-------
      Total |    4521 |    3606 |  44.4 |     180 |      25 |  12.2
            +---------+---------+-------+---------+---------+-------
        D:1 |      44 |       0 |   0.0 |      29 |       0 |   0.0
        D:2 |      80 |      36 |  31.0 |      18 |       1 |   5.3
        D:3 |     204 |       0 |   0.0 |      35 |       0 |   0.0
        D:4 |     210 |       0 |   0.0 |      14 |       0 |   0.0
        D:5 |     672 |     252 |  27.3 |      24 |       2 |   7.7
        D:6 |     922 |       0 |   0.0 |      20 |       0 |   0.0
        D:7 |    1798 |       0 |   0.0 |      26 |       0 |   0.0
        D:8 |     591 |    3318 |  84.9 |      14 |      22 |  61.1
            +---------+---------+-------+---------+---------+-------
